 Dungeon Crawl Stone Soup version 0.25.0-46-gbd7b0854d2 (webtiles) character file.

Game seed: 8608827326586369031

337084 Kold the Pulveriser (level 21, 0/161 HPs)
             Began as a Minotaur Gladiator on July 12, 2020.
             Was a High Priest of Okawaru.
             Slain by a large slime creature (5 damage)
             ... on level 4 of the Pits of Slime on July 15, 2020.
             The game lasted 02:03:58 (53413 turns).

Kold the Pulveriser (Minotaur Gladiator)           Turns: 53413, Time: 02:03:59

Health: 0/161      AC: 35    Str: 27 (28) XL:     21   Next: 0%
Magic:  26/28      EV: 20    Int:  7      God:    Okawaru [*****.]
Gold:   1434       SH:  0    Dex: 13 (14) Spells: 20/20 levels left

rFire    + + +     SeeInvis .   J - +9 lajatang (freeze)
rCold    + + .     Gourm    .   (shield currently unavailable)
rNeg     + + .     Faith    +   R - +9 plate armour of Joy {rC+ rN+ Str+2 Dex-2}
rPois    +         Spirit   .   S - +2 hat {Int+3}
rElec    +         Reflect  .   W - +2 cloak of Zitomupp {rN+ MR+ MP-9}
rCorr    .         Harm     .   M - +1 pair of gloves of Titioz {rC+ MP+9 Str+4 Int-5}
MR       +++..     Rnd*Rage +   v - +0 pair of boots of the Known World {+Blink rElec rF+++ Str-5}
Stlth    ..........             p - amulet of faith
HPRegen  0.36/turn              U - ring of the Ban {rPois rF+ Int+6 Dex+4}
MPRegen  0.21/turn              T - ring of protection from magic

@: heroism, corroded
A: retaliatory headbutt, horns 2, molten scales 1, berserk 1, blurry vision 1,
clumsy 1, deterioration 1, dopey 1, frail 2, poison resistance, screaming 1, no
potion heal 1
}: 2/15 runes: serpentine, barnacled
a: Heroism, Finesse, Renounce Religion, Evoke Blink


You were on level 4 of the Pits of Slime.
You worshipped Okawaru.
Okawaru was extremely pleased with you.
You were not hungry.

You visited 9 branches of the dungeon, and saw 40 of its levels.

You collected 3920 gold pieces.
You spent 2486 gold pieces at shops.

Inventory:

Hand Weapons
 J - a +9 lajatang of freezing (weapon)
 Z - a +3 lajatang of speed
Missiles
 C - a throwing net (quivered)
Armour
 q - a scarf of resistance
 v - the +0 pair of boots of the Known World (worn) {+Blink rElec rF+++ Str-5}
   (Okawaru gifted it to you on level 4 of the Shoals)

   It affects your strength (-5).
   It renders you almost immune to fire.
   It insulates you from electricity.
   It lets you blink.
 w - a +5 crystal plate armour
 M - the +1 pair of gloves of Titioz (worn) {rC+ MP+9 Str+4 Int-5}
   (You found it on level 1 of the Elven Halls)

   It affects your strength (+4).
   It affects your intelligence (-5).
   It protects you from cold.
   It affects your magic capacity (+9).
 R - the +9 plate armour of Joy (worn) {rC+ rN+ Str+2 Dex-2}
   (Okawaru gifted it to you on level 2 of the Shoals)

   It affects your strength (+2).
   It affects your dexterity (-2).
   It protects you from cold.
   It protects you from negative energy.
 S - a +2 hat of intelligence (worn)
 W - the +2 cloak of Zitomupp (worn) {rN+ MR+ MP-9}
   (Okawaru gifted it to you on level 12 of the Dungeon)

   It protects you from negative energy.
   It affects your resistance to hostile enchantments.
   It affects your magic capacity (-9).
 X - the +1 pair of boots of the Dice {rF+ MR++}
   (Okawaru gifted it to you on level 4 of the Lair of Beasts)

   It protects you from fire.
   It affects your resistance to hostile enchantments.
Jewellery
 b - an uncursed ring of resist corrosion
 p - an amulet of faith (around neck)
 H - an uncursed ring of see invisible
 T - a ring of protection from magic (right hand)
 U - the ring of the Ban (left hand) {rPois rF+ Int+6 Dex+4}
   (You took it off an orc on level 12 of the Dungeon)

   [ring of intelligence]

   It affects your intelligence (+6).
   It affects your dexterity (+4).
   It protects you from fire.
   It protects you from poison.
 Y - an uncursed ring of flight
Wands
 d - a wand of polymorph (21)
 j - a wand of disintegration (47)
 m - a wand of acid (5)
 s - a wand of enslavement (27)
 E - a wand of iceblast (21)
 G - a wand of paralysis (29)
 I - a wand of digging (14)
 Q - a wand of clouds (5)
Scrolls
 c - a scroll of summoning
 g - 11 scrolls of identify
 h - 2 scrolls of fog
 i - 17 scrolls of teleportation
 n - 4 scrolls of fear
 o - 2 scrolls of silence
 r - 15 scrolls of remove curse
 x - a scroll of enchant armour
 z - a scroll of holy word
 D - 3 scrolls of magic mapping
 N - 4 scrolls of blinking
Potions
 e - 3 potions of stabbing
 l - 6 potions of haste
 t - 6 potions of flight
 u - 4 potions of heal wounds
 A - a potion of magic
 B - 12 potions of curing
 F - 2 potions of invisibility
 K - 3 potions of ambrosia
 L - a potion of cancellation
 O - 2 potions of resistance
 P - 3 potions of might
 V - 6 potions of berserk rage
Miscellaneous
 k - 3 phantom mirrors
Comestibles
 f - 45 rations


   Skills:
 * Level 20.4(25.4) Fighting
 * Level 21.9(26.9) Staves
 - Level 2.0(7.0) Throwing
 * Level 20.2(25.2) Armour
 + Level 16.9(21.9) Dodging
 - Level 11.1 Invocations
 - Level 5.0 Evocations


You had 20 spell levels left.
You didn't know any spells.
Your spell library contained the following spells:

 Spells                   Type           Power        Failure   Level  Hunger
 Animate Skeleton         Necr           N/A          85%         1    ##.....
 Apportation              Tloc           #.....       85%         1    ##.....
 Beastly Appendage        Tmut           #.....       85%         1    ##.....
 Corona                   Hex            #......      85%         1    ##.....
 Pain                     Necr           #...         85%         1    ##.....
 Sting                    Tmut/Pois      #...         85%         1    ##.....
 Summon Small Mammal      Summ           #...         85%         1    ##.....
 Ensorcelled Hibernation  Hex/Ice        #.....       94%         2    ###....
 Passwall                 Tmut/Erth      #.......     94%         2    ###....
 Poisonous Vapours        Pois/Air       #.....       94%         2    ###....
 Sticks to Snakes         Tmut           #.......     94%         2    ###....
 Confusing Touch          Hex            #.......     99%         3    ####...
 Dazzling Flash           Conj/Hex       #.....       99%         3    ####...
 Gell's Gravitas          Tloc           #.........   99%         3    ####...
 Ignite Poison            Fire/Tmut/Pois #.......     99%         3    ####...
 Mephitic Cloud           Conj/Pois/Air  #.......     99%         3    ####...
 Spider Form              Tmut/Pois      #.........   99%         3    ####...
 Static Discharge         Conj/Air       #.......     99%         3    ####...
 Tukima's Dance           Hex            #.......     99%         3    ####...
 Vampiric Draining        Necr           #.........   99%         3    ####...
 Animate Dead             Necr           N/A          100%        4    #####..
 Ice Form                 Ice/Tmut       #.......     100%        4    #####..
 Leda's Liquefaction      Hex/Erth       #.........   100%        4    #####..
 Olgreb's Toxic Radiance  Pois           #.......     100%        4    #####..
 Petrify                  Tmut/Erth      #.......     100%        4    #####..
 Sticky Flame             Conj/Fire      #.......     100%        4    #####..
 Agony                    Necr           #.......     100%        5    ######.
 Blade Hands              Tmut           #.........   100%        5    ######.
 Bolt of Magma            Conj/Fire/Erth #.........   100%        5    ######.
 Metabolic Englaciation   Hex/Ice        #.........   100%        5    ######.
 Yara's Violent Unravell  Hex/Tmut       #.........   100%        5    ######.
 Eringya's Noxious Bog    Tmut/Pois      #.........   100%        6    #######
 Iron Shot                Conj/Erth      #.........   100%        6    #######
 Statue Form              Tmut/Erth      #........    100%        6    #######
 Orb of Destruction       Conj           #.........   100%        7    #######
 Shatter                  Erth           #.........   100%        9    #######


Dungeon Overview and Level Annotations

Branches:
Dungeon (15/15)            Temple (1/1) D:7            Lair (6/6) D:9
 Shoals (4/4) Lair:3        Snake (4/4) Lair:3        Slime (5/5) Lair:5
    Orc (2/2) D:9             Elf (2/3) Orc:2        Vaults (0/5) D:14
 Depths (1/5) D:15

Altars:
Ashenzari
Cheibriados
Dithmenos
Elyvilon
Fedhas
Gozag
Hepliaklqana
Kikubaaqudgha
Makhleb
Nemelex Xobeh
Okawaru
Qazlal
Ru
Sif Muna
Trog
Uskayaw
Vehumet
Wu Jian
Xom
Yredelemnul
Zin
The Shining One
Beogh

Shops:
D:4 :   Orc:2 ?}?[*   Elf:1 %   Shoals:3 ?   Snake:1 }=[!   Snake:2 =

Portals:
Hell: Lair:6
Pandemonium: Orc:2

Annotations:
D:11 2 transporters, Gaunlena's ghost, journeyman OpAs
D:13 2 transporters, exclusion: obsidian statue, Ileg's ghost, journeyman TrMo
Orc:2 3 runed translucent doors, SamuraiZach's ghost, journeyman TrMo
Elf:2 2 runed translucent doors, Roxanne
Abyss:1 Erica


Innate Abilities, Weirdness & Mutations

You reflexively headbutt those who attack you in melee.
You have a pair of horns on your head.
You are partially covered in molten scales. (AC +2)
You tend to lose your temper in combat.
Scrolls take you a little longer to read.
You are clumsy. (Dex -2)
Your body sometimes deteriorates upon taking damage.
You are dopey. (Int -2)
You are very frail. (-20% HP)
Your system is resistant to poisons. (rPois)
You occasionally shout uncontrollably at your foes.
Potions are less effective at restoring your health.


Message History

Two slime creatures merge to form a very large slime creature.
A large slime creature splits.
Okay, then.
Your system partially rejects the healing.
You feel much better.
The acid blob hits you but does no damage.
An enormous slime creature splits.
The slime creature hits you!
* * * LOW HITPOINT WARNING * * *
The slime creature barely misses you.
Your system partially rejects the healing.
You feel much better. The acid blob spits acid at you.
The splash of acid hits you.
* * * LOW HITPOINT WARNING * * *
The acid corrodes you!
You are splashed with acid!
* * * LOW HITPOINT WARNING * * *
Two slime creatures merge to form a large slime creature.
The very large slime creature hits you but does no damage.
The large slime creature hits you.
You die...

#.....#...##....# ###
...#...#.##....#######.####
...#....##.#....##..#...#.##
..#....##.......#...^......# ##
........#...#.......#.....## #.
.........#..#......#.....#.#####.
........#....................#...
.......#.........J...............
...#..##.......J@J...........#...
#.....#........JJJ..........#....
.................>...............
.................................
............................<....
.....<...................#.....##
.........###...#.........#....##
........###...#...........#....#
.........#.................##.##


You could see an acid blob, a very large slime creature, 3 large slime creatures
and a slime creature.

Vanquished Creatures
  Saint Roka (Snake:2)
  Vashnia (Snake:2)
  Nikola (Shoals:4)
  Rupert (D:15)
  A kraken (Shoals:3)
  11 acid blobs
  Polyphemus (Shoals:4)
  A shadow dragon (Elf:1)
  Gastronok (D:10)
  A storm dragon (Elf:1)
  Kirke (Lair:4)
  9 nagarajas
  6 azure jellies
  Aizul (Snake:2)
  Louise (D:15)
  5 very ugly things (D:15)
  A vampire knight (D:15)
  Azrael (D:13)
  2 deep elf demonologists (Elf:1)
  2 spark wasps
  A dire elephant (Lair:5)
  2 ettins (D:15)
  3 death oozes
  3 merfolk javelineers (Shoals:4)
  2 great orbs of eyes
  13 merfolk impalers
  A fire dragon (Elf:1)
  Fannar (D:10)
  A deep elf high priest (Elf:1)
  12 hydras
  Harold (D:8)
  An ice dragon (Elf:1)
  13 naga warriors
  7 anacondas
  4 alligator snapping turtles
  A catoblepas (Shoals:4)
  4 merfolk avatars
  2 centaur warriors
  An anaconda (shapeshifter) (D:15)
  5 merfolk aquamancers
  10 two-headed ogres
  2 death knights
  8 dancing weapons
  An ogre mage (D:15)
  2 satyrs
  A tengu warrior (D:15)
  7 death yaks
  5 orc high priests (Orc:2)
  7 shock serpents
  16 naga sharpshooters
  5 deep elf knights (Elf:1)
  2 sixfirhies
  A sun demon (Orc:2)
  2 hell knights (D:15)
  13 sea snakes
  93 slime creatures
  A fire crab (shapeshifter) (D:14)
  4 unseen horrors
  5 deep trolls (D:15)
  11 naga ritualists
  An infernal demonspawn (Orc:2)
  A kraken simulacrum (Shoals:4)
  A torturous demonspawn (Orc:2)
  3 wizards
  5 deep elf archers (Elf:1)
  A necromancer (D:15)
  11 orc knights
  21 deep elf magi
  A phantasmal warrior (D:15)
  13 mana vipers
  9 harpies
  7 orc sorcerers
  A harpy (shapeshifter) (D:15)
  5 oklob plants
  21 ugly things
  10 shining eyes
  6 salamanders
  10 manticores
  5 cyclopes
  13 fauns
  Joseph (D:8)
  26 naga magi
  14 merfolk sirens
  5 water nymphs
  16 elephants
  A torpor snail (Lair:6)
  A guardian serpent (Snake:3)
  4 centaur zombies
  2 eyes of devastation
  24 black mambas
  6 spiny frogs
  2 orange demons (Lair:6)
  5 centaur skeletons
  Maggie (D:7)
  A gargoyle (D:15)
  2 freezing wraiths
  A komodo dragon (shapeshifter) (D:14)
  5 ice devils
  4 rime drakes
  9 komodo dragons
  A hellwing (Lair:6)
  A meliai (D:5)
  32 merfolk
  A hornet (D:10)
  5 wind drakes
  8 trolls
  A raiju (shapeshifter) (D:13)
  A hornet (shapeshifter) (D:14)
  5 blink frogs
  A hippogriff (shapeshifter) (D:15)
  9 snapping turtles
  22 dream sheep
  14 hippogriffs
  A redback (Lair:5)
  2 wraiths
  3 wyverns
  10 water elementals
  An air elemental (Elf:1)
  4 shadows
  5 fire elementals
  A spriggan (D:7)
  A vampire (D:14)
  A ynoxinul (Orc:2)
  A yak (shapeshifter) (D:15)
  4 hogs (Lair:3)
  22 yaks
  7 fire bats
  Grum (D:8)
  A steam dragon (D:12)
  9 golden eyes
  A chaos spawn (Orc:2)
  5 basilisks
  11 vampire mosquitoes
  5 hungry ghosts
  2 wargs
  34 nagas
  A soldier ant (shapeshifter) (Lair:4)
  11 water moccasins
  2 acid dragons
  2 soldier ants
  7 hell hounds
  11 porcupines
  A slave (D:5)
  7 sky beasts
  44 orc warriors
  3 ice beasts
  5 phantoms
  3 necrophages
  A black bear (Lair:3)
  4 eyes of draining
  An ogre (shapeshifter) (D:15)
  15 ogres
  20 wolves
  7 crocodiles
  9 centaurs
  5 big kobolds
  6 bullfrogs
  2 elf zombies (D:9)
  A wyvern zombie (D:14)
  An elf skeleton (D:9)
  2 scorpions
  25 killer bees
  An electric eel (Snake:2)
  6 wights
  A howler monkey (D:6)
  2 bullfrog zombies
  5 crimson imps
  A quasit (D:13)
  3 human zombies (D:9)
  5 bullfrog skeletons
  18 jellies
  38 orc priests
  12 hounds
  25 orc wizards
  Crazy Yiuf (D:2)
  5 iguanas
  16 worker ants
  A hound zombie (D:11)
  A mummy (D:9)
  A worker ant zombie (D:5)
  18 adders
  3 gnolls (D:6)
  5 shadow imps
  2 oozes
  2 adder zombies (D:9)
  2 adder skeletons
  6 worms
  3 dart slugs
  7 leopard geckos
  123 orcs
  11 giant cockroaches
  6 goblins
  4 hobgoblins
  24 jackals
  2 quokkas
  18 bats
  3 frilled lizards
  A jackal skeleton (D:4)
  30 kobolds
  2 leopard gecko skeletons
  A leopard gecko zombie (D:8)
  A quokka skeleton (D:4)
  A quokka zombie (D:5)
  6 rats
  A bush (Lair:2)
  5 plants
  5 tentacles
1461 creatures vanquished.

Vanquished Creatures (collateral kills)
  A death yak (Lair:4)
  A jelly (Lair:5)
2 creatures vanquished.

Vanquished Creatures (others)
  A human (Lair:4)
  An adder (D:4)
  An orc (D:9)
  17 fungi
  22 plants
  15 tentacles
57 creatures vanquished.

Grand Total: 1520 creatures vanquished

Notes
Turn   | Place    | Note
-------+----------+-------------------------------------------
     0 | D:1      | Kold the Minotaur Gladiator began the quest for the Orb.
     0 | D:1      | Reached XP level 1. HP: 18/18 MP: 0/0
   242 | D:1      | Reached skill level 4 in Staves
   279 | D:1      | Reached XP level 2. HP: 24/25 MP: 1/1
  1097 | D:2      | Reached skill level 5 in Staves
  1146 | D:2      | Reached XP level 3. HP: 27/30 MP: 2/2
  1469 | D:2      | Found a runed translucent door.
  1470 | D:2      | Noticed Crazy Yiuf
  1512 | D:2      | Found a faded altar of an unknown god.
  1615 | D:2      | Reached skill level 6 in Staves
  1615 | D:2      | Reached XP level 4. HP: 33/37 MP: 3/3
  2018 | D:2      | Noticed a sky beast
  2024 | D:2      | Killed a sky beast
  2024 | D:2      | Reached skill level 7 in Staves
  2024 | D:2      | Reached XP level 5. HP: 23/42 MP: 4/4
  2182 | D:2      | Found a sacrificial altar of Ru.
  2409 | D:2      | Killed Crazy Yiuf
  2655 | D:3      | Found a shadowy altar of Dithmenos.
  2696 | D:3      | Reached skill level 8 in Staves
  2775 | D:3      | Found a bloodstained altar of Trog.
  2832 | D:3      | Found a glowing silver altar of Zin.
  2834 | D:3      | Noticed an angel
  2836 | D:3      | Found a shimmering altar of Xom.
  3027 | D:3      | Found a hazy altar of Hepliaklqana.
  3037 | D:3      | Reached XP level 6. HP: 45/50 MP: 5/5
  3388 | D:4      | Reached skill level 9 in Staves
  4013 | D:4      | Found Omajuz's Book Emporium.
  4019 | D:3      | Found an ornate altar of the Wu Jian Council.
  4047 | D:4      | Reached XP level 7. HP: 55/56 MP: 6/6
  4101 | D:4      | Got a pitted buckler
  4108 | D:4      | Identified the +3 buckler of the Butcher {rElec rPois rF+
                  | Regen+} (You found it on level 4 of the Dungeon)
  4359 | D:4      | Reached skill level 10 in Staves
  4727 | D:5      | Entered Level 5 of the Dungeon
  5004 | D:5      | Reached skill level 11 in Staves
  5069 | D:5      | Reached XP level 8. HP: 54/62 MP: 7/7
  5401 | D:5      | Noticed Pikel
  5415 | D:5      | Noticed Pikel
  5415 | D:5      | Pikel changed into Pikel the meliai
  5416 | D:5      | Killed Pikel the meliai
  5416 | D:5      | Reached skill level 12 in Staves
  5538 | D:5      | Found a radiant altar of Vehumet.
  5999 | D:6      | Found a shimmering blue altar of Sif Muna.
  6014 | D:6      | Reached skill level 13 in Staves
  6160 | D:6      | You fall into a shaft and drop 1 floor!
  6396 | D:6      | Found a radiant altar of Vehumet.
  6399 | D:6      | Noticed an oklob plant
  6434 | D:6      | Found a blossoming altar of Fedhas.
  6785 | D:7      | Noticed Maggie
  6806 | D:7      | Found a hide-covered altar of Uskayaw.
  6813 | D:7      | Killed Maggie
  6813 | D:7      | Reached skill level 14 in Staves
  6813 | D:7      | Reached skill level 1 in Armour
  6813 | D:7      | Reached XP level 9. HP: 30/68 MP: 8/8
  7171 | D:7      | Found a sparkling altar of Nemelex Xobeh.
  7356 | D:7      | Found a staircase to the Ecumenical Temple.
  7362 | D:7      | Reached skill level 5 in Dodging
  7367 | Temple   | Entered the Ecumenical Temple
  7764 | D:7      | Reached skill level 5 in Fighting
  7828 | D:8      | Noticed Grum
  7987 | D:8      | Reached skill level 5 in Armour
  8084 | D:8      | Killed Grum
  8238 | D:8      | Reached XP level 10. HP: 83/83 MP: 9/9
  8282 | D:8      | Noticed Joseph
  8305 | D:8      | Killed Joseph
  8373 | D:8      | Noticed Erica
  8380 | D:8      | Banished Erica
  8559 | D:8      | Found a shimmering blue altar of Sif Muna.
  8630 | D:8      | Noticed Harold
  8649 | D:8      | Killed Harold
  8956 | D:9      | Got an ichor-stained hand axe
  8957 | D:9      | Identified the +4 hand axe "Emown" {venom, +Rage +Inv rPois
                  | Dex-2} (You found it on level 9 of the Dungeon)
  9079 | D:9      | Found an iron altar of Okawaru.
  9101 | D:9      | Became a worshipper of Warmaster Okawaru
  9373 | D:9      | Reached * piety under Okawaru
  9391 | D:9      | Found a basalt altar of Yredelemnul.
  9583 | D:9      | Found an ancient bone altar of Kikubaaqudgha.
  9797 | D:9      | Reached skill level 1 in Invocations
  9814 | D:9      | Reached XP level 11. HP: 76/95 MP: 10/10
 10004 | D:9      | Found a staircase to the Orcish Mines.
 10123 | D:9      | Reached ** piety under Okawaru
 10306 | D:9      | Found a staircase to the Lair.
 10827 | D:10     | Entered Level 10 of the Dungeon
 11195 | D:10     | Noticed Fannar
 11208 | D:10     | Killed Fannar
 11294 | D:10     | Noticed Gastronok
 11308 | D:10     | Killed Gastronok
 11308 | D:10     | Reached *** piety under Okawaru
 12037 | D:11     | Received a gift from Okawaru
 12045 | D:11     | Noticed a two-headed ogre
 12154 | D:11     | Noticed a green ugly thing
 12244 | D:11     | Noticed a two-headed ogre
 12319 | D:11     | Noticed a green ugly thing
 12375 | D:11     | Noticed an unseen horror
 12388 | D:10     | Killed a green ugly thing
 12388 | D:10     | Reached skill level 10 in Fighting
 12495 | Lair:1   | Entered Level 1 of the Lair of Beasts
 12630 | Lair:1   | Reached **** piety under Okawaru
 13092 | Lair:2   | Reached skill level 10 in Armour
 13508 | Lair:2   | Reached skill level 5 in Invocations
 13535 | Lair:2   | Reached ***** piety under Okawaru
 13535 | Lair:2   | Reached skill level 10 in Dodging
 13622 | Lair:2   | Noticed an eight-headed hydra
 13633 | Lair:2   | Killed an eight-headed hydra
 13633 | Lair:2   | Reached XP level 12. HP: 69/108 MP: 13/15
 13972 | Lair:2   | Received a gift from Okawaru
 14729 | Lair:3   | Found a staircase to the Shoals.
 15411 | Lair:3   | Found a staircase to the Snake Pit.
 15574 | Lair:4   | Received a gift from Okawaru
 15615 | Lair:4   | Got a pair of distressingly furry boots {god gift}
 15626 | Lair:4   | Identified the +1 pair of boots of the Dice {rF+ MR++}
                  | (Okawaru gifted it to you on level 4 of the Lair of Beasts)
 15660 | Lair:4   | Noticed Kirke
 15670 | Lair:4   | Noticed a sphinx
 15760 | Lair:4   | Noticed a sphinx
 15768 | Lair:4   | Killed Kirke
 16119 | Lair:4   | Noticed a death yak
 16122 | Lair:4   | Noticed a death yak
 16128 | Lair:4   | Noticed a death yak
 16142 | Lair:4   | Killed a death yak
 16152 | Lair:4   | Killed a death yak
 16159 | Lair:4   | Killed a death yak
 17046 | Lair:5   | Gained mutation: Your mind is acute. (Int +2) [potion of
                  | mutation]
 17046 | Lair:5   | Gained mutation: You are partially covered in icy blue
                  | scales. (AC +2) [potion of mutation]
 17046 | Lair:5   | Gained mutation: You have large cloven feet. [potion of
                  | mutation]
 17048 | Lair:5   | Lost mutation: Your mind is acute. (Int +2) [potion of
                  | mutation]
 17048 | Lair:5   | Lost mutation: You are partially covered in icy blue
                  | scales. (AC +2) [potion of mutation]
 17048 | Lair:5   | Lost mutation: You have large cloven feet. [potion of
                  | mutation]
 17048 | Lair:5   | Gained mutation: Your spells are a little harder to cast,
                  | but a little more powerful. [potion of mutation]
 17048 | Lair:5   | Gained mutation: You expend magic power (3 MP) to
                  | strengthen your wands. [potion of mutation]
 17050 | Lair:5   | Lost mutation: You expend magic power (3 MP) to strengthen
                  | your wands. [potion of mutation]
 17050 | Lair:5   | Lost mutation: Your spells are a little harder to cast, but
                  | a little more powerful. [potion of mutation]
 17050 | Lair:5   | Gained mutation: You are partially covered in molten
                  | scales. (AC +2) [potion of mutation]
 17050 | Lair:5   | Gained mutation: Your system is resistant to poisons.
                  | (rPois) [potion of mutation]
 17050 | Lair:5   | Gained mutation: Scrolls take you a little longer to read.
                  | [potion of mutation]
 17050 | Lair:5   | Lost mutation: Scrolls take you a little longer to read.
                  | [potion of mutation]
 17210 | Lair:6   | Entered Level 6 of the Lair of Beasts
 17511 | Lair:5   | Noticed a six-headed hydra
 17519 | Lair:5   | Killed a six-headed hydra
 17519 | Lair:5   | Reached XP level 13. HP: 107/116 MP: 15/18
 17748 | Lair:5   | Found a staircase to the Slime Pits.
 17887 | Lair:5   | Identified a scroll of acquirement
 17887 | Lair:5   | Acquired the +4 lajatang "Xiledimi" {venom, +Fly rF- Dex+4}
 18186 | Lair:5   | Received a gift from Okawaru
 18704 | Lair:6   | Received a gift from Okawaru
 18710 | Lair:6   | Reached skill level 15 in Staves
 19126 | Lair:6   | Reached ****** piety under Okawaru
 19139 | Lair:6   | Received a gift from Okawaru
 19367 | Lair:6   | Received a gift from Okawaru
 19559 | Lair:6   | Reached skill level 10 in Invocations
 20133 | Lair:6   | Noticed a dire elephant
 20197 | Lair:5   | Killed a dire elephant
 20439 | Lair:6   | Reached XP level 14. HP: 117/127 MP: 12/20
 20600 | Lair:6   | Found a burning altar of Makhleb.
 20948 | Lair:6   | Found a gateway to Hell.
 21298 | Orc:1    | Entered Level 1 of the Orcish Mines
 21507 | Orc:2    | Entered Level 2 of the Orcish Mines
 21810 | Orc:1    | Found a roughly hewn altar of Beogh.
 22229 | Orc:1    | Received a gift from Okawaru
 22427 | Orc:2    | Found a runed translucent gate.
 22427 | Orc:2    | Found a runed translucent gate.
 22427 | Orc:2    | Found a runed translucent gate.
 22427 | Orc:2    | Found the +3 salamander hide armour {+Rage rF++}
 22427 | Orc:2    | Noticed SamuraiZach's ghost (journeyman TrMo)
 22524 | Orc:2    | Found Jeqiegha's General Store.
 22527 | Orc:2    | Found Giesuiky's Magic Scroll Shop.
 22544 | Orc:2    | Identified the cursed -8 robe "Asar" {rCorr Int+3}
 22709 | Orc:2    | Found an iron altar of Okawaru.
 22796 | Orc:2    | Found a staircase to the Elven Halls.
 23161 | Orc:2    | Bought a scroll of acquirement for 520 gold pieces
 23161 | Orc:2    | Acquired 340 gold pieces
 23177 | Orc:2    | Bought a scroll of enchant armour for 120 gold pieces
 23177 | Orc:2    | Bought a scroll of silence for 120 gold pieces
 23429 | Orc:2    | Found Wythi Pir's Magic Scroll Emporium.
 23440 | Orc:2    | Bought a scroll of enchant armour for 82 gold pieces
 24211 | Orc:2    | Received a gift from Okawaru
 24581 | Orc:2    | Reached skill level 16 in Staves
 24625 | Orc:2    | Found Ikufosouh's Gadget Emporium.
 24625 | Orc:2    | Found Hiovept's Antique Armour Shoppe.
 24625 | Orc:2    | Found a one-way gate leading to the halls of Pandemonium.
 24753 | Elf:1    | Entered Level 1 of the Elven Halls
 24760 | Elf:1    | Received a gift from Okawaru
 25468 | Elf:1    | Found Ylautz's Food Emporium.
 25642 | Elf:1    | Reached XP level 15. HP: 100/137 MP: 15/22
 25675 | Elf:1    | Received a gift from Okawaru
 26049 | Elf:1    | Received a gift from Okawaru
 26377 | Elf:1    | Noticed a Tzitzimitl
 26406 | Elf:1    | Found a runed translucent gate.
 26406 | Elf:1    | Found a runed translucent gate.
 26406 | Elf:1    | Found a runed translucent gate.
 26406 | Elf:1    | Found a runed translucent gate.
 26406 | Elf:1    | Found a runed translucent gate.
 26407 | Elf:1    | Found a runed translucent gate.
 26407 | Elf:1    | Noticed a shadow dragon
 26407 | Elf:1    | Noticed a storm dragon
 26423 | Elf:1    | Got a pair of ancient gloves
 26434 | Elf:1    | Identified the +1 pair of gloves of Titioz {rC+ MP+9 Str+4
                  | Int-5} (You found it on level 1 of the Elven Halls)
 26455 | Elf:1    | Killed a storm dragon
 26489 | Elf:1    | Killed a shadow dragon
 26506 | Elf:1    | Lost intelligence.
 27540 | Elf:2    | Noticed Roxanne
 27592 | Elf:2    | Found a runed translucent gate.
 27592 | Elf:2    | Found a runed translucent gate.
 27611 | Elf:2    | Noticed a deep elf sorcerer
 27791 | D:11     | Reached skill level 17 in Staves
 27962 | D:11     | Found a transporter.
 27963 | D:11     | Noticed Gaunlena's ghost (journeyman OpAs)
 27965 | D:11     | Found a transporter.
 27965 | D:11     | Identified the +3 dire flail of Righteous Anger {vamp,
                  | Str+4 Int+5}
 27965 | D:11     | Identified the +6 great mace of Dissent {distort, rC++
                  | Dex+5}
 28725 | D:12     | Received a gift from Okawaru
 28780 | D:12     | Received a gift from Okawaru
 28790 | D:12     | Got a faintly humming cloak {god gift}
 28809 | D:12     | Identified the +2 cloak of Zitomupp {rN+ MR+ MP-9} (Okawaru
                  | gifted it to you on level 12 of the Dungeon)
 28856 | D:12     | Identified the ring of the Ban {rPois rF+ Int+6 Dex+4}
 29123 | D:12     | Reached skill level 15 in Fighting
 29198 | D:12     | Identified Sif Muna's Volume of Flight and Arcane Weapons
 30041 | D:13     | Found a transporter.
 30042 | D:13     | Noticed Ileg's ghost (journeyman TrMo)
 30176 | D:13     | Reached XP level 16. HP: 140/148 MP: 23/23
 30347 | D:13     | Identified the +11 long sword "Arcanum" {pain, *Slow MR+
                  | Str+4 Stlth+}
 30428 | D:13     | Noticed Azrael
 30490 | D:13     | Killed Azrael
 30673 | D:13     | Found a transporter.
 30941 | D:14     | Found a radiant altar of Vehumet.
 31015 | D:13     | Reached skill level 15 in Armour
 31047 | D:13     | Reached skill level 1 in Evocations
 31308 | D:14     | Found a gate to the Vaults.
 31920 | D:15     | Entered Level 15 of the Dungeon
 31935 | D:15     | Received a gift from Okawaru
 32186 | D:15     | Found a staircase to the Depths.
 32499 | D:15     | Noticed Rupert
 32527 | D:15     | Killed Rupert
 32527 | D:15     | Reached skill level 18 in Staves
 32634 | D:15     | Received a gift from Okawaru
 32749 | D:15     | Noticed Louise
 32761 | D:15     | Killed Louise
 32995 | Depths:1 | Entered Level 1 of the Depths
 33582 | D:15     | Reached XP level 17. HP: 103/157 MP: 24/24
 33596 | D:15     | Reached skill level 5 in Evocations
 33613 | D:15     | Received a gift from Okawaru
 34124 | D:15     | Reached XP level 18. HP: 168/168 MP: 25/25
 34682 | Snake:1  | Entered Level 1 of the Snake Pit
 34686 | Snake:1  | Reached skill level 15 in Dodging
 35191 | Snake:1  | Found Evemirch's Armour Emporium.
 35191 | Snake:1  | Found Kimel's Jewellery Shoppe.
 35211 | Snake:1  | Found Lumiywut's Distillery.
 35213 | Snake:1  | Found Uchamoje's Gadget Shoppe.
 35227 | Snake:1  | Bought a potion of heal wounds for 60 gold pieces
 35227 | Snake:1  | Bought a potion of heal wounds for 60 gold pieces
 35227 | Snake:1  | Bought a potion of stabbing for 48 gold pieces
 35234 | Snake:1  | Bought a wand of disintegration (20) for 384 gold pieces
 35240 | Snake:1  | Bought an uncursed amulet of faith for 520 gold pieces
 35357 | Snake:1  | Reached skill level 19 in Staves
 35726 | Snake:2  | Noticed Vashnia
 36098 | Snake:2  | Killed Vashnia
 36098 | Snake:2  | Received a gift from Okawaru
 36694 | Snake:2  | Noticed Saint Roka
 36713 | Snake:2  | Killed Saint Roka
 36713 | Snake:2  | Received a gift from Okawaru
 36961 | Snake:2  | Noticed Aizul
 36977 | Snake:2  | Killed Aizul
 37194 | Snake:2  | Found Fyschiga's Jewellery Boutique.
 38742 | Snake:4  | Entered Level 4 of the Snake Pit
 39067 | Snake:4  | Reached XP level 19. HP: 124/179 MP: 26/26
 39324 | Snake:4  | Received a gift from Okawaru
 40966 | Snake:4  | Reached skill level 20 in Staves
 40975 | Snake:4  | Received a gift from Okawaru
 41547 | Snake:4  | Got a serpentine rune of Zot
 42165 | Shoals:1 | Entered Level 1 of the Shoals
 42453 | Shoals:1 | Found a frozen archway.
 42959 | Shoals:2 | Received a gift from Okawaru
 43409 | Shoals:2 | Received a gift from Okawaru
 43467 | Shoals:2 | Got a bloodstained plate armour {god gift}
 43478 | Shoals:2 | Identified the +9 plate armour of Joy {rC+ rN+ Str+2 Dex-2}
                  | (Okawaru gifted it to you on level 2 of the Shoals)
 44984 | Shoals:4 | Entered Level 4 of the Shoals
 45300 | Shoals:3 | Acquired a +0 lajatang of speed
 45328 | Shoals:3 | Found Pebb's Magic Scroll Emporium.
 45331 | Shoals:3 | Bought a scroll of enchant armour for 105 gold pieces
 45331 | Shoals:3 | Bought a scroll of brand weapon for 280 gold pieces
 45331 | Shoals:3 | Bought a scroll of enchant armour for 105 gold pieces
 46189 | Orc:2    | Bought a scroll of enchant weapon for 82 gold pieces
 46421 | Shoals:4 | Noticed Nikola
 46422 | Shoals:4 | Noticed Polyphemus
 47020 | Shoals:4 | Reached XP level 20. HP: 127/191 MP: 27/27
 47065 | Shoals:4 | Killed Polyphemus
 47250 | Shoals:4 | Received a gift from Okawaru
 47251 | Shoals:4 | Got a pair of translucent boots {god gift}
 47340 | Shoals:4 | Identified the +0 pair of boots of the Known World {+Blink
                  | rElec rF+++ Str-5} (Okawaru gifted it to you on level 4 of
                  | the Shoals)
 47401 | Shoals:4 | Killed Nikola
 47533 | Shoals:4 | Reached skill level 21 in Staves
 47928 | Shoals:4 | Identified the Incunabulum of Transmutation and Orientation
 48558 | Shoals:4 | Got a barnacled rune of Zot
 48609 | Shoals:4 | Got a brightly glowing chain mail
 48620 | Shoals:4 | Identified the +2 chain mail "Iqyarph" {rElec rCorr Str+4}
                  | (You found it on level 4 of the Shoals)
 48773 | Slime:1  | Entered Level 1 of the Pits of Slime
 49248 | Slime:1  | Gained mutation: You are frail. (-10% HP) [a shining eye]
 49579 | Slime:2  | Gained mutation: Your body sometimes deteriorates upon
                  | taking damage. [a shining eye]
 49588 | Slime:2  | Received a gift from Okawaru
 50282 | Slime:2  | Gained mutation: You are dopey. (Int -2) [a shining eye]
 50285 | Slime:3  | Gained mutation: You occasionally shout uncontrollably at
                  | your foes. [a shining eye]
 50305 | Slime:3  | Received a gift from Okawaru
 50419 | Slime:2  | Gained mutation: Potions are less effective at restoring
                  | your health. [a shining eye]
 50430 | Slime:2  | Gained mutation: You are very frail. (-20% HP) [a shining
                  | eye]
 50782 | Slime:3  | Gained mutation: You tend to lose your temper in combat. [a
                  | shining eye]
 51637 | Slime:4  | Gained mutation: You are clumsy. (Dex -2) [a shining eye]
 52860 | Slime:4  | Received a gift from Okawaru
 52902 | Slime:4  | Gained mutation: Scrolls take you a little longer to read.
                  | [a shining eye]
 53388 | Slime:5  | Entered Level 5 of the Pits of Slime
 53399 | Slime:4  | Reached XP level 21. HP: 133/160 MP: 28/28
 53412 | Slime:4  | HP: 6/161 [slime creature (13)]
 53413 | Slime:4  | Slain by a large slime creature

Illustrated notes

Levels and vault maps discovered:
D:1:      dpeg_arrival_snail, layout_basic
D:2:      layout_basic, lemuel_round_altar, chequers_ecumenical_altar_simple,
          kennysheep_generic_room_6, uniq_crazy_yiuf_cottage
D:3:      layout_loops_ring, grunt_temple_overflow_order_and_chaos_1,
          lemuel_crystal_altar, nicolae_overflow_hidden_temple,
          nicolae_dithmenos_through_a_glass_darkly, bloody_trog, first_ration
D:4:      minmay_opposing_rooms, layout_basic, serial_shops, shop,
          minmay_misc_feat_x
D:5:      layout_loops_ring, vehumet_altar_wand_db, uniq_pikel
D:6:      layout_loops_ring, led_sif_book, fedhas_altar_4, lemuel_oklob_altar
D:7:      layout_basic, nemelex_xobeh_ov_fountains_minmay,
          minmay_temple_entry_proselytizer, basic_altar, the_bakery,
          minmay_misc_feat_columns, uniq_maggie
D:8:      minmay_angry_zag, layout_loops_ring, minmay_misc_feat_more_columns,
          lemuel_statue_altar, uniq_erica, uniq_joseph, uniq_harold, uniq_grum
D:9:      layout_long_grid, lemuel_mausoleum_altar_yredelemnul,
          old_standard_altar, lair_entry_dummy, hiddenorc1_lemuel, bh_chokoban,
          kennysheep_small_circle
D:10:     layout_basic, uniq_fannar, uniq_gastronok
D:11:     layout_gridville, gammafunk_ghost_smash
D:12:     minmay_the_grid_octo_tiled_octocenter_mashed
          [minmay_the_grid_octo_clover, minmay_the_grid_octo_checkerflower,
          minmay_the_grid_octo_teeth, minmay_the_grid_octo_concentric,
          minmay_the_grid_octo_prize_star, minmay_the_grid_square_5x5_bite,
          minmay_the_grid_square_5x5_broken_cross,
          minmay_the_grid_square_5x5_almost_minimal,
          minmay_the_grid_square_5x5_two_small], layout_loops_ring
D:13:     layout_cave_pods, gammafunk_ghost_berserking_beasts, minivault_16,
          uniq_azrael
D:14:     layout_cave_pools, david_vaults_2, hangedman_decor_growths,
          basic_altar, chequers_serial_rivers_large_a
D:15:     grunt_enter_depths_magical_seal, layout_rooms, serial_bayou_ford_a,
          st_stairs_6, uniq_louise, uniq_rupert
Temple:   dpeg_three_leaves_temple
Lair:1:   layout_misc_corridors
Lair:2:   layout_chaotic_city, serial_forest, infiniplex_forest_straight_1,
          infiniplex_forest_lined_room_, infiniplex_forest_end_double,
          infiniplex_forest_clump_long, infiniplex_forest_clump_C,
          infiniplex_forest_clump_diagonal, infiniplex_forest_straight_4,
          infiniplex_forest_lined_room_2, infiniplex_forest_straight_3,
          infiniplex_forest_straight_5, lemuel_fruit_tree
Lair:3:   layout_loops_ring, minmay_shoals_entry_centaurs,
          minmay_snake_entry_guardpost_medium, roderic_batcave
Lair:4:   layout_regular_city, uniq_kirke
Lair:5:   layout_roguey, minmay_slime_entry_jelly_boxes
Lair:6:   evil_forest, layout_regular_city, grunt_forest_small_clearings,
          grunt_megastairs_1
Shoals:1: layout_shoals, portal_ice_cave_entry_pillars_2
Shoals:2: layout_shoals
Shoals:3: layout_shoals, serial_shops, nicolae_shop_behind_doors,
          nicolae_shoals_aquamancer_cove
Shoals:4: shoals_end_grunt_ice, layout_shoals, uniq_polyphemus, uniq_nikola
Snake:1:  layout_misc_corridors, minmay_shoptagon
Snake:2:  layout_rooms, serial_shops, nicolae_shop_trees, drop_trap,
          serial_bayou_shore_a, uniq_saint_roka, uniq_vashnia, uniq_aizul
Snake:3:  layout_honeycomb
Snake:4:  snake_pit, layout_rooms, st_stairs_6
Slime:1:  layout_caves
Slime:2:  layout_caves
Slime:3:  cheibrodos_slime_lost_civilization_2, layout_caves,
          cheibrodos_slime_lost_civilization_7
Slime:4:  layout_caves, cheibrodos_slime_lost_civilization_5
Slime:5
Orc:1:    layout_caves, basic_altar, nicolae_orc_lava_room
Orc:2:    pf_orc_diabolical, layout_caves, gammafunk_ghost_fury_of_okawaru,
          serial_shops, shop
Elf:1:    dpeg_oklob_gauntlet, layout_rooms, serial_shops,
          nicolae_shop_statue_plus, orc_legates
Elf:2:    layout_gridlike, uniq_roxanne
Depths:1: layout_cave_pools, abyss_entry_small_statue_room, serial_shops, shop,
          grunt_metal_band, hangedman_decor_clover_reticule,
          grunt_pan_entry_spiral, chequers_serial_rivers_micro_e,
          serial_bayou_pond_d, lightli_fourway_metalbox

Skill      XL: |  1  2  3  4  5  6  7  8  9 10 11 12 13 14 15 16 17 18 19 20 |
---------------+-------------------------------------------------------------+-----
Staves         | 4 5 6 7 8 9 11 14 15 16 17 18 19 20 21 | 21.9
Armour         | 1 5 8 10 11 12 13 14 16 17 19 20 | 20.2
Fighting       | 6 8 10 11 12 13 15 16 17 19 20 | 20.4
Dodging        | 6 8 10 11 13 14 15 16 | 16.9
Invocations    | 1 5 8 10 11 | 11.1
Evocations     | 4 5 |  5.0
Throwing       | |  2.0

Action                   |  1- 3 |  4- 6 |  7- 9 | 10-12 | 13-15 | 16-18 | 19-21 || total
-------------------------+-------+-------+-------+-------+-------+-------+-------++-------
Melee: Quarterstaff      |    71 |    92 |   264 |   663 |    93 |    40 |       ||  1223
       Headbutt          |     8 |    14 |    39 |   166 |   292 |   333 |   370 ||  1222
       Lajatang          |       |       |       |       |  1018 |   925 |  1084 ||  3027
Throw: Throwing net      |       |     2 |     3 |     1 |       |       |       ||     6
Invok: Heroism           |       |       |       |     2 |    21 |    17 |    15 ||    55
       Finesse           |       |       |       |       |    12 |     9 |     5 ||    26
 Abil: Evoke Flight      |       |       |       |       |       |       |    10 ||    10
       Evoke Blink       |       |       |       |       |       |       |     1 ||     1
Evoke: Wand              |       |       |     7 |     2 |     7 |     4 |     2 ||    22
  Use: Scroll            |       |       |     2 |    22 |    21 |     6 |    19 ||    70
       Potion            |       |       |       |     3 |       |     2 |     6 ||    11
 Stab: Held in net/web   |       |       |     1 |       |       |       |       ||     1
       Petrifying        |       |       |       |     1 |       |       |       ||     1
       Distracted        |       |       |       |     4 |       |       |       ||     4
       Petrified         |       |       |       |     3 |       |       |       ||     3
       Paralysed         |       |       |       |     2 |       |       |       ||     2
       Confused          |       |       |       |     2 |     1 |       |       ||     3
  Eat: Chunk             |     2 |     3 |    15 |    20 |    34 |    19 |    21 ||   114
       Ration            |       |     1 |       |     3 |     2 |     3 |     8 ||    17
Armor: Leather armour    |    28 |    26 |    20 |       |       |       |       ||    74
       Acid dragon scale |       |       |    22 |   115 |   170 |       |       ||   307
       Skin              |       |       |     1 |       |       |       |       ||     1
       Crystal plate arm |       |       |       |       |   181 |   513 |   324 ||  1018
       Plate armour      |       |       |       |       |       |       |   476 ||   476
Dodge: Dodged            |    54 |    49 |   106 |   404 |   832 |   866 |  1016 ||  3327
